 Dungeon Crawl Stone Soup version 0.22-a0-283-g1871b15 (webtiles) character file.

1943 xccam the Carver (level 8, 0/62 (63) HPs)
             Began as a Black Draconian Berserker on Mar 18, 2018.
             Was a Priest of Trog.
             Slain by Gorglomux's ghost (16 damage)
             ... on level 7 of the Dungeon.
             The game lasted 00:11:57 (7044 turns).

xccam the Carver (Black Draconian Berserker)        Turns: 7044, Time: 00:11:58

HP:   0/62 (63)     AC:  7    Str: 24    XL:     8   Next: 98%
MP:   8/8           EV: 14    Int:  9    God:    Trog [***...]
Gold: 481           SH:  0    Dex: 12    Spells: 7/7 levels left

rFire    + . .     SeeInvis .   a - +0 falchion
rCold    + . .     Gourm    .   (no shield)
rNeg     . . .     Faith    +   (armour unavailable)
rPois    .         Spirit   .   (helmet restricted)
rElec    +         Reflect  .   B - scarf {rC+ rF+}
rCorr    .         Harm     .   (no gloves)
MR       ++...                  y - +0 pair of boots
Stlth    +.........             g - amulet of faith
HPRegen  1.20/turn              (no ring)
MPRegen  0.11/turn              (no ring)

@: mighty, short of breath, berserk cooldown, regenerating, slowed, very slow
A: breathe lightning, unfitting armour, electricity resistance, cold-blooded, AC
+6
a: Breathe Lightning, Berserk, Trog's Hand, Renounce Religion


You were on level 7 of the Dungeon.
You worshipped Trog.
Trog was most pleased with you.
You were very hungry.

You visited 1 branch of the dungeon, and saw 7 of its levels.

You collected 481 gold pieces.

Inventory:

Hand Weapons
 a - a +0 falchion (weapon)
Armour
 u - a cursed +0 buckler
 y - a +0 pair of boots (worn)
 B - a scarf of resistance (worn)
Jewellery
 g - an amulet of faith (around neck)
Wands
 d - a wand of enslavement (23)
 m - a wand of scattershot (1)
 r - a wand of flame (17)
 E - a wand of polymorph (14)
Scrolls
 f - a scroll of teleportation
 l - a scroll of enchant weapon {unknown}
 n - 2 scrolls of magic mapping
 p - a scroll of blinking {unknown}
 q - a scroll of noise {unknown}
 s - 2 scrolls of amnesia
 w - 2 scrolls of enchant armour {unknown}
 x - 4 scrolls of remove curse
 A - a scroll of fog {unknown}
 C - a scroll of immolation {unknown}
 H - a scroll of identify
 I - a scroll of holy word {unknown}
Potions
 c - 6 potions of curing
 e - 3 potions of flight
 h - 2 potions of magic {unknown}
 i - a potion of agility {unknown}
 j - 2 potions of lignification
 k - 4 potions of haste
 o - a potion of invisibility {unknown}
 t - a potion of resistance {unknown}
 z - a potion of degeneration {unknown}
 D - a potion of heal wounds {unknown}
 G - a potion of cancellation {unknown}
Comestibles
 b - 9 rations


   Skills:
 - Level 3.2 Fighting
 + Level 10.8 Long Blades
 + Level 5.4 Dodging


You had 7 spell levels left.
You didn't know any spells.

Dungeon Overview and Level Annotations

Branches:
Dungeon (7/15)             Temple (0/1) D:4

Altars:
Elyvilon
Kikubaaqudgha
Okawaru
Ru
Sif Muna
Trog
Uskayaw
Vehumet
Wu Jian
Xom
The Shining One

Shops:
D:4 :

Annotations:
D:7 Gorglomux's ghost, novice MiEE


Innate Abilities, Weirdness & Mutations

You can breathe wild blasts of lightning.
Your glossy black scales are hard. (AC +6)
You cannot fit into any form of body armour.
You are resistant to electric shocks. (rElec)
You are cold-blooded and may be slowed by cold attacks.


Message History

Gorglomux's ghost hits you.
You close the door.
Gorglomux's ghost hits you! x2
You hit Gorglomux's ghost.
Gorglomux's ghost is lightly damaged.
You have got your breath back.
Gorglomux's ghost closely misses you.
You breathe a wild blast of lightning!
The zap hits you!
You hear a mighty clap of thunder!
The bolt of lightning misses you. x2; The zap misses you.
The zap hits Gorglomux's ghost.
Gorglomux's ghost is moderately damaged.
The zap hits Gorglomux's ghost.
Gorglomux's ghost is moderately damaged.
Trog accepts your kill.
You feel a bit more experienced.
You feel somewhat more hungry. Gorglomux's ghost hits you!
* * * LOW HITPOINT WARNING * * *
Gorglomux's ghost whispers, "Death doesn't hurt.
What you feel is life." Gorglomux's ghost hits you!
You die...

#.#..# #.... #..
###....#######....
#..
#..............(..
#..
#.#.#..........#
#.. #
#.#..........# #..
#.#..........# #..
# #..........# #
#<. . #.##+#####.#
#.#.. ... #. #@.#
.# #..).
.....#.###W# #
###.. ...........#
### ............#
...:........#
.............#
...........#.#
....?......#..#
...........##.#


You could see Gorglomux's ghost.

Vanquished Creatures
  Prince Ribbit (D:7)
  Duvessa (D:4)
  A sky beast (D:6)
  An orc warrior (D:6)
  A necrophage (D:5)
  2 ogres
  A bullfrog (D:6)
  Dowan (D:4)
  2 scorpions
  A howler monkey (D:6)
  2 crimson imps
  A quasit (D:7)
  A centaur zombie (D:2)
  A centaur skeleton (D:6)
  3 hounds
  A jelly (D:5)
  2 orc priests
  3 orc wizards
  Jessica (D:2)
  An iguana (D:6)
  Ijyb (D:3)
  6 worker ants
  A worker ant zombie (D:5)
  9 adders
  8 gnolls
  2 oozes
  An adder zombie (D:7)
  An adder skeleton (D:6)
  5 worms
  2 dart slugs
  3 leopard geckos
  13 orcs
  11 bats
  7 giant cockroaches
  6 goblins
  11 hobgoblins
  14 jackals
  4 quokkas
  A ball python (D:1)
  4 frilled lizards
  5 kobolds
  6 rats
149 creatures vanquished.

Notes
Turn   | Place    | Note
-------+----------+-------------------------------------------
     0 | D:1      | xccam the Draconian Berserker began the quest for the Orb.
     0 | D:1      | Reached XP level 1. HP: 19/19 MP: 1/1
    96 | D:1      | Reached XP level 2. HP: 21/26 MP: 2/2
   497 | D:1      | Reached skill level 4 in Long Blades
   721 | D:1      | Reached ** piety under Trog
   727 | D:1      | Reached XP level 3. HP: 14/31 MP: 3/3
  1298 | D:2      | Reached XP level 4. HP: 38/38 MP: 4/4
  1315 | D:2      | Reached skill level 5 in Long Blades
  1378 | D:2      | Noticed Jessica
  1386 | D:2      | Killed Jessica
  1532 | D:2      | Reached XP level 5. HP: 5/45 MP: 5/5
  1929 | D:2      | Reached skill level 6 in Long Blades
  1962 | D:2      | Found a sacrificial altar of Ru.
  2438 | D:3      | Found a bloodstained altar of Trog.
  2438 | D:3      | Found a radiant altar of Vehumet.
  2647 | D:3      | Noticed Ijyb
  2657 | D:3      | Killed Ijyb
  2889 | D:3      | Found a white marble altar of Elyvilon.
  2910 | D:3      | Reached *** piety under Trog
  2910 | D:3      | Reached XP level 6. HP: 51/51 MP: 6/6
  2925 | D:3      | Found an ancient bone altar of Kikubaaqudgha.
  2988 | D:3      | Found a hide-covered altar of Uskayaw.
  3330 | D:4      | Noticed Duvessa
  3332 | D:4      | Noticed Dowan
  3341 | D:4      | Killed Duvessa
  3341 | D:4      | Reached skill level 7 in Long Blades
  3357 | D:4      | Killed Dowan
  3438 | D:4      | Found Diwnuhy's Book Boutique.
  3797 | D:4      | Reached skill level 8 in Long Blades
  3797 | D:4      | Your scales start taking on a glossy black colour.
  3797 | D:4      | Reached XP level 7. HP: 44/57 MP: 7/7
  3797 | D:4      | Gained mutation: You are resistant to electric shocks. (rElec) [Black Draconian growth]
  3833 | D:4      | Found a deep blue altar of Sif Muna.
  3842 | D:4      | Found an iron altar of Okawaru.
  4034 | D:4      | Found an ornate altar of the Wu Jian Council.
  4052 | D:4      | Found a staircase to the Ecumenical Temple.
  4103 | D:5      | Entered Level 5 of the Dungeon
  4798 | D:5      | Reached skill level 9 in Long Blades
  5455 | D:6      | Reached XP level 8. HP: 29/62 MP: 8/8
  5682 | D:6      | Reached skill level 10 in Long Blades
  6484 | D:6      | Found a glowing golden altar of the Shining One.
  6535 | D:6      | Found a shimmering altar of Xom.
  6846 | D:7      | Reached **** piety under Trog
  6994 | D:7      | Noticed Prince Ribbit
  7004 | D:7      | Killed Prince Ribbit
  7004 | D:7      | Reached skill level 5 in Dodging
  7027 | D:7      | Noticed Gorglomux's ghost (novice MiEE)
  7044 | D:7      | Slain by Gorglomux's ghost

Vault maps used:
D:1:      lightli_arrival_statue_moat
D:2:      nicolae_ru_awakened_eye, minmay_unequal, uniq_jessica
D:3:      nicolae_overflow_crystal_walls, lemuel_crystal_altar,
          gammafunk_temple_overflow_wave, lemuel_coloured_pillars_altar,
          uniq_ijyb
D:4:      kennysheep_spiral_hall, kennysheep_mini, minitemple,
          minmay_temple_entry_fiery, serial_shops, kennysheep_little_box,
          first_ration, uniq_duvessa
D:5:      minivault_27, kennysheep_generic_room_2
D:6:      nicolae_tso_swordbearing_angel, nicolae_overflow_hidden_temple
D:7:      uniq_prince_ribbit1

Skill      XL: |  1  2  3  4  5  6  7  8 |
---------------+-------------------------+-----
Long Blades    | 4 5 6 8 9 10 | 10.8
Dodging        | 3 5 |  5.4
Fighting       | |  3.2

Action                   |  1- 3 |  4- 6 |  7- 9 || total
-------------------------+-------+-------+-------++-------
Melee: Falchion          |    99 |   189 |   312 ||   600
       Tailslap          |    13 |    27 |    45 ||    85
Invok: Berserk           |       |     1 |     2 ||     3
       Trog's Hand       |       |     1 |     3 ||     4
 Abil: Breathe Lightning |       |       |     6 ||     6
Evoke: Wand              |       |     1 |       ||     1
  Use: Scroll            |       |       |    11 ||    11
       Potion            |       |       |     1 ||     1
 Stab: Distracted        |       |     1 |       ||     1
  Eat: Chunk             |     1 |    10 |    10 ||    21
       Ration            |       |       |     1 ||     1
Armor: Skin              |    38 |    50 |   100 ||   188
Dodge: Dodged            |    84 |   114 |   205 ||   403
       Rpst.: Falchion   |    28 |    45 |    60 ||   133

Table legend:
 A = Spawn XP
 B = Non-spawn XP
 C = Spawn XP percentage of total XP
 D = Spawn monster count
 E = Non-spawn monster count
 F = Spawn count percentage of total count
 G = Total turns spent on level
                    A         B        C        D         E        F      G
               +---------+---------+-------+---------+---------+-------+---------
         Total |       0 |    2777 |   0.0 |       0 |     149 |   0.0 |  7044
               +---------+---------+-------+---------+---------+-------+---------
           D:1 |       0 |      46 |   0.0 |       0 |      25 |   0.0 |  1140
           D:2 |       0 |     203 |   0.0 |       0 |      33 |   0.0 |  1283
           D:3 |       0 |     157 |   0.0 |       0 |      23 |   0.0 |   904
           D:4 |       0 |     437 |   0.0 |       0 |      14 |   0.0 |   776
           D:5 |       0 |     361 |   0.0 |       0 |      14 |   0.0 |   834
           D:6 |       0 |     845 |   0.0 |       0 |      23 |   0.0 |  1896
           D:7 |       0 |     728 |   0.0 |       0 |      17 |   0.0 |   211
               +---------+---------+-------+---------+---------+-------+---------
